 Dungeon Crawl Stone Soup version 0.30-a0-728-gc68057b (webtiles) character file.

Game seed: 12650056529951302337

1095 Illumine the Magician (level 8, -10/58 HPs)
             Began as a Djinni Fire Elementalist on Jan 31, 2023.
             Was an Initiate of Ru.
             Mangled by an orc warrior
             ... wielding a +0 morningstar
              (13 damage)
             ... on level 5 of the Dungeon.
             The game lasted 00:06:01 (4717 turns).

Illumine the Magician (Djinni Fire Elementalist)    Turns: 4717, Time: 00:06:02

Health: -10/58     AC:  2    Str:  7    XL:     8   Next: 57%
Gold:   237        EV: 14    Int: 18    God:    Ru [......] SH:  0 Dex: 15

rFire   + + .      SeeInvis .    l - +1 short sword (vamp)
rCold   x . .      Faith    .    (no shield)
rNeg    . . .      Spirit   .    a - +0 robe
rPois   ∞          Reflect  .    (no helmet)
rElec   .          Harm     .    (no cloak)
rCorr   .          Rampage  .    (no gloves)
Will    .....                    (boots unavailable)
Stlth   ++                       (no amulet)
HPRegen 0.29/turn                (no ring)
MPRegen 0.00/turn                (no ring)

@: flying, very slightly contaminated
A: sickness immunity, fire resistance 2, cold vulnerability 1, float, innate
caster, HP casting, extra vitality 1
a: Renounce Religion


You were on level 5 of the Dungeon.
You worshipped Ru.
Ru was noncommittal.
You visited 2 branches of the dungeon, and saw 7 of its levels.

You collected 237 gold pieces.

Inventory:

Hand Weapons
 l - a +1 vampiric short sword (weapon)
Armour
 a - a +0 robe (worn)
Wands
 o - a wand of flame (25)
 t - a wand of paralysis (10)
Scrolls
 c - 2 scrolls of brand weapon {unknown}
 d - 2 scrolls of vulnerability {unknown}
 f - 5 scrolls of identify {unknown}
 g - a scroll of immolation {unknown}
 j - a scroll of enchant weapon {unknown}
 k - a scroll of fear {unknown}
 m - a scroll of fog {unknown}
 n - 4 scrolls of teleportation {unknown}
 p - 2 scrolls of poison {unknown}
 s - a scroll of magic mapping {unknown}
 v - a scroll of enchant armour {unknown}
Potions
 b - a potion of magic
 e - a potion of curing {unknown}
 h - a potion of might {unknown}
 i - 2 potions of mutation {unknown}
 q - 2 potions of berserk rage {unknown}
 r - a potion of brilliance {unknown}
 u - a potion of haste {unknown}
 w - a potion of attraction {unknown}
 x - a potion of lignification {unknown}
 z - a potion of resistance {unknown}


   Skills:
 + Level 3.7 Fighting
 + Level 4.8 Dodging
 - Level 1.5 Stealth
 + Level 6.3 Spellcasting


You couldn't memorise any spells.
You knew the following spells:

 Your Spells              Type           Power      Damage    Failure   Level
a - Foxfire               Conj/Fire      100%       2x1d9     1%          1
b - Scorch                Fire           56%        2d8       1%          2
c - Kindle Blastsparks    Fire/Tloc/Air  56%        2d14      2%          3
d - Inner Flame           Hex/Fire       28%        N/A       2%          3
e - Flame Wave            Conj/Fire      28%        2d9       9%          4
f - Shock                 Conj/Air       100%       1d9       1%          1
g - Lesser Beckoning      Tloc           56%        N/A       1%          2
h - Vhi's Electric Charg  Tloc/Air       56%        N/A       2%          3
Your spell library was empty.

Dungeon Overview and Level Annotations

Branches:
Dungeon (6/15)             Temple (1/1) D:4

Altars:
Ashenzari
Cheibriados
Elyvilon
Fedhas
Gozag
Hepliaklqana
Makhleb
Nemelex Xobeh
Okawaru
Qazlal
Ru
Trog
Uskayaw
Wu Jian
Xom
Yredelemnul
Zin

Annotations:
D:4 1 runed translucent door, Radamante's ghost, amateur GrFi


Innate Abilities, Weirdness & Mutations

You are immune to sickness and miasma.
You are immune to poison.
Your flesh is very heat resistant. (rF++)
You are vulnerable to cold. (rC-)
You float through the air rather than walking.
You learn spells naturally, not from books.
Your magical power is your life essence.
You have superior vitality. (+4 MHP)


Message History

Flames lash the orc warrior.
The orc warrior is heavily wounded.
The orc warrior's fire resistance burns away.
The bullfrog gives a loud, deep croak!
An iguana comes into view.
Casting: Scorch (safe; 1% risk of failure)
Confirm with . or Enter, or press ? or * to list all spells.
Flames lash the orc warrior.
The orc warrior is burned terribly!
The orc warrior is almost dead.
The orc misses you. The orc closely misses you.
The orc warrior barely misses you.
You fly upwards.
There is a stone staircase leading down here.
Casting: Scorch (safe; 1% risk of failure)
Confirm with . or Enter, or press ? or * to list all spells.
Flames lash the orc.
You kill the orc!
The orc warrior barely misses you.
The orc warrior attacks as you move away!
The orc warrior closely misses you.
Casting: Scorch (safe; 1% risk of failure)
Confirm with . or Enter, or press ? or * to list all spells.
Flames lash the orc warrior.
The orc warrior is almost dead.
The orc warrior hits you with a +0 morningstar.
* * * LOW HITPOINT WARNING * * *
Casting: Scorch (safe; 1% risk of failure)
Confirm with . or Enter, or press ? or * to list all spells.
Flames lash the orc warrior but do no damage.
* * * LOW HITPOINT WARNING * * *
The orc warrior hits you with a +0 morningstar!
* * * LOW HITPOINT WARNING * * *
Casting: Scorch (safe; 1% risk of failure)
Confirm with . or Enter, or press ? or * to list all spells.
You miscast Scorch.
You are very lightly contaminated with residual magic.
Nothing appears to happen.
* * * LOW HITPOINT WARNING * * *
The orc warrior hits you with a +0 morningstar!
You die...

#####..### #.#####.#
..>..#...## #.# #.#
.....###..#### ##.# #.#
..<..# ##....# #..# #.#
.....#######.## ##.## #.#
.....#........#########..#
#.#
.....#.#####.............#
#.#
.....#.######..###.......#
#.#
.....#..........@o)#####.#
#.# .#.#################
#.# #.# ........# #.# #..
........# #.# ###
.......:# ########### #.#
........####.........# #.#
.#........##.........# #.#
.#........##.........# #.#
##........##.........# #.#


You could see an orc warrior (combustible).

Vanquished Creatures
  Pikel (D:5)
  Menkaure (D:4)
  4 lemures (D:5)
  A phantom (D:4)
  A scorpion (D:5)
  4 orc priests
  3 hounds (D:5)
  2 orc wizards
  3 gnolls (D:4)
  3 adders
  2 ufetubi
  A worm (D:3)
  17 orcs
  3 ball pythons
  6 endoplasms
  3 giant cockroaches
  12 goblins
  3 hobgoblins
  8 kobolds
  2 quokkas
  4 bats
  2 rats (D:1)
86 creatures vanquished.

Vanquished Creatures (others)
  214 foxfires
214 creatures vanquished.

Grand Total: 300 creatures vanquished

Notes
Turn   | Place    | Note
-------+----------+-------------------------------------------
     0 | D:1      | Illumine the Djinni Fire Elementalist began the quest for
                  | the Orb.
     0 | D:1      | Illumine set off with the following spells memorised:
                  | Foxfire, Scorch, Kindle Blastsparks, Inner Flame, Flame
                  | Wave.
     0 | D:1      | Reached XP level 1. HP: 15/15 MP: 0/0
   176 | D:1      | Reached XP level 2. HP: 20/21 MP: 0/0
   403 | D:1      | Reached skill level 3 in Spellcasting
   837 | D:2      | Reached XP level 3. HP: 24/25 MP: 0/0
   837 | D:2      | Learned a level 1 spell: Shock
  1631 | D:3      | Reached XP level 4. HP: 30/31 MP: 0/0
  1848 | D:3      | Found a blossoming altar of Fedhas.
  1848 | D:3      | Found an ornate altar of the Wu Jian Council.
  2445 | D:4      | Reached skill level 4 in Spellcasting
  2658 | D:4      | Noticed a phantom
  2670 | D:4      | Killed a phantom
  2671 | D:4      | Reached XP level 5. HP: 18/35 MP: 0/0
  2671 | D:4      | Learned a level 2 spell: Lesser Beckoning
  2679 | D:4      | Reached XP level 6. HP: 19/40 MP: 0/0
  2986 | D:4      | Found a runed translucent door.
  2988 | D:4      | Noticed Radamante's ghost (amateur GrFi)
  3006 | D:4      | Noticed Menkaure
  3009 | D:4      | Killed Menkaure
  3010 | D:4      | Reached skill level 5 in Spellcasting
  3071 | D:4      | Found a staircase to the Ecumenical Temple.
  3080 | Temple   | Entered the Ecumenical Temple
  3203 | Temple   | Became a worshipper of Ru the Awakened
  3539 | D:4      | Reached XP level 7. HP: 34/46 MP: 0/0
  3539 | D:4      | Learned a level 3 spell: Vhi's Electric Charge
  3670 | D:5      | Entered Level 5 of the Dungeon
  3759 | D:5      | Reached skill level 1 in Fighting
  3807 | D:5      | Noticed Pikel
  4522 | D:5      | Killed Pikel
  4523 | D:5      | Reached skill level 6 in Spellcasting
  4523 | D:5      | Reached XP level 8. HP: 46/58 MP: 0/0
  4717 | D:5      | Mangled by an orc warrior

Illustrated notes

Levels and vault maps discovered:
D:1:      lightli_arrival_lavapool, layout_basic
D:2:      layout_basic
D:3:      layout_loops_ring, chequers_temple_overflow_statue_of_worship,
          minivault_11, minmay_cupped
D:4:      layout_loops_ring, minmay_temple_entry_antechambers,
          ebering_ghost_sewer_d, uniq_menkaure
D:5:      layout_basic, uniq_pikel
D:6:      layout_rooms, wad_woods_river_04
Temple:   minmay_crystal_spiral_temple

Skill      XL: |  1  2  3  4  5  6  7 |
---------------+----------------------+-----
Spellcasting   | 3 4 5 6 |  6.3
Fighting       | 3 |  3.7
Dodging        | 4 |  4.8
Stealth        | |  1.5

Action                     |  1- 3 |  4- 6 |  7- 9 || total
---------------------------+-------+-------+-------++-------
  Melee: Short sword       |       |     1 |       ||     1
   Cast: Foxfire           |    35 |    63 |    30 ||   128
         Scorch            |    10 |    20 |    28 ||    58
         Kindle Blastspark |       |     2 |     4 ||     6
         Flame Wave        |       |       |     1 ||     1
 Armour: Robe              |       |     4 |     1 ||     5
  Dodge: Dodged            |     9 |    14 |    12 ||    35

Table legend: (Time is in decaauts)
 A = Elapsed time spent in this place.
 B = Non-inter-level travel time spent in this place.
 C = Inter-level travel time spent in this place.
 D = Time resting spent in this place.
 E = Time spent auto-exploring this place.
 F = Levels seen in this place.
 G = Mean time per level.
                   A        B        C        D        E       F      G
               +--------+--------+--------+--------+--------+-----+--------+
         Total |   4716 |   4543 |    173 |    387 |   3428 |   7 |  673.7 |
       Dungeon |   4533 |   4418 |    115 |    387 |   3428 |   6 |  755.5 |
        Temple |    182 |    124 |     58 |      0 |      0 |   1 |  182.0 |
               +--------+--------+--------+--------+--------+-----+--------+

Top non-repeatable levels by time:
     D:4: 1059 daAuts
     D:5: 1038 daAuts
     D:2: 902 daAuts
     D:3: 802 daAuts
     D:1: 722 daAuts
  Temple: 182 daAuts
     D:6: 8 daAuts
